 Dungeon Crawl Stone Soup version 0.30.1-3-gfc49f6343a (webtiles) character file.

Game seed: 1908001900391704711

508 Almogavar the Digger (level 7, -6/38 HPs)
             Began as a Gargoyle Earth Elementalist on July 31, 2023.
             Was an Initiate of the Shining One.
             Mangled by Pikel
             ... wielding a +1 whip of flaming
              (7 damage)
             ... on level 4 of the Dungeon on Aug 1, 2023.
             The game lasted 00:15:49 (4140 turns).

Almogavar the Digger (Gargoyle Earth Elementalist)  Turns: 4140, Time: 00:15:52

Health: -6/38      AC:  7    Str: 12    XL:     7   Next: 18%
Magic:  10/14      EV: 12    Int: 17    God:    the Shining One [......]
Gold:   367        SH:  0    Dex: 10    Spells: 11/15 levels left

rFire   . . .        c - +0 flail
rCold   . . .        (no shield)
rNeg    + . .        a - +0 robe
rPois   ∞            (no helmet)
rElec   +            l - +0 cloak
rCorr   .            (no gloves)
SInv    .            (no boots)
Will    .....        (no amulet)
Stlth   +            (no ring)
HPRegen 0.26/turn    (no ring)
MPRegen 0.14/turn

%: no passive effects
@: glowing
A: sickness immunity, AC +4, negative energy resistance 1, electricity
resistance, torment resistance 1, petrification resistance
a: Renounce Religion


You were on level 4 of the Dungeon.
You worshipped the Shining One.
The Shining One was noncommittal.
You visited 1 branch of the dungeon, and saw 5 of its levels.

You collected 367 gold pieces.

Inventory:

Hand Weapons
 c - a +0 flail (weapon)
Missiles
 d - 72 stones
Armour
 a - a +0 robe (worn)
 g - a +0 ring mail
 j - a +3 leather armour of poison resistance
 l - a +0 cloak (worn)
 s - +0 fire dragon scales
Wands
 e - a wand of polymorph (4)
 n - a wand of mindburst (14)
Scrolls
 h - 2 scrolls of teleportation
 i - a scroll of blinking
 p - 2 scrolls of fear
 q - a scroll of silence {unknown}
 r - a scroll of torment {unknown}
Potions
 b - a potion of magic
 f - 4 potions of brilliance
 k - 2 potions of flight
 m - 2 potions of cancellation {unknown}
 o - a potion of heal wounds
 t - a potion of might {unknown}


   Skills:
 + Level 1.0 Fighting
 + Level 0.9 Maces & Flails
 + Level 2.2 Dodging
 - Level 2.4 Stealth
 + Level 4.8 Spellcasting
 + Level 0.7 Transmutations
 + Level 6.7 Earth Magic


You had 11 spell levels left.
You knew the following spells:

 Your Spells              Type           Power      Damage    Failure   Level
a - Sandblast             Erth           54%        2d13      1%          1
b - Stone Arrow           Conj/Erth      30%        3d8       11%         3

Your spell library contained the following spells:

 Spells                   Type           Power      Damage    Failure   Level
 Passwall                 Tmut/Erth      13%        N/A       4%          2
 Sting                    Tmut/Pois      20%        1d4       13%         1
 Poisonous Vapours        Pois/Air       8%         N/A       22%         2
 Petrify                  Tmut/Erth      16%        N/A       30%         4
 Dazzling Flash           Conj/Hex       8%         N/A       41%         3
 Volatile Blastmotes      Fire/Tloc      8%         2d10      41%         3
 Dispel Undead            Necr           4%         3d7       82%         4
 Iskenderun's Mystic Bla  Conj/Tloc      4%         2d3       82%         4
 Olgreb's Toxic Radiance  Pois           4%         N/A       82%         4
 Death Channel            Necr           2%         N/A       100%        6
 Starburst                Conj/Fire      2%         6d3       100%        6
 Cigotuvi's Dreadful Rot  Necr/Pois/Air  Unusable   N/A       N/A         2

Dungeon Overview and Level Annotations

Branches:
Dungeon (5/15)
 Temple: D:4-7

Altars:
Cheibriados
Dithmenos
Elyvilon
Makhleb
Qazlal
Ru
Uskayaw
Zin
The Shining One

Annotations:
D:4 Pikel


Innate Abilities, Weirdness & Mutations

You are immune to sickness and miasma.
Your stone body is resilient. (AC +4)
You are immune to poison.
You resist negative energy. (rN+)
You are resistant to electric shocks. (rElec)
You are resistant to unholy torment.
You are immune to petrification.


Message History

A lemure comes into view.
Casting: Sandblast (safe; 1% risk of failure)
Confirm with . or Enter, or press ? or * to list all spells.
Aiming: Sandblast (safe; 1% risk of failure)
Press: ? - help, Shift-Dir - straight line, f/p - Pikel
Aim: Pikel, wielding a +1 whip of flaming and wearing a +0 robe (lightly wounded, 79% to hit)
The blast of sand hits Pikel!
Pikel is moderately wounded.
The lemure shouts!
You hear a shout!
Pikel completely misses you.
A lemure comes into view.
Pikel hits you with a +1 whip of flaming.
Pikel burns you.
Pikel hits you with a +1 whip of flaming!
Pikel burns you.
You climb upwards.
There is a stone staircase leading down here.
Casting: Sandblast (safe; 1% risk of failure)
Confirm with . or Enter, or press ? or * to list all spells.
Aiming: Sandblast (safe; 1% risk of failure)
Press: ? - help, Shift-Dir - straight line, f - Pikel
Aim: Pikel, wielding a +1 whip of flaming and wearing a +0 robe (moderately wounded, 79% to hit)
The blast of sand hits Pikel but does no damage.
Pikel is moderately wounded.
Pikel hits you with a +1 whip of flaming!
Pikel burns you.
Casting: Sandblast (safe; 1% risk of failure)
Confirm with . or Enter, or press ? or * to list all spells.
Aiming: Sandblast (safe; 1% risk of failure)
Press: ? - help, Shift-Dir - straight line, f/p - Pikel
Aim: Pikel, wielding a +1 whip of flaming and wearing a +0 robe (moderately wounded, 79% to hit)
The blast of sand hits Pikel but does no damage.
Pikel is moderately wounded.
Pikel says, "Time is money, and you're costing me too much!"
Pikel hits you with a +1 whip of flaming!
* * * LOW HITPOINT WARNING * * *
Pikel burns you.
* * * LOW HITPOINT WARNING * * *
Pikel hits you with a +1 whip of flaming!
You die...

#.##.........#.....
#....#.#....##...#.
#..###.#<..........
########..................
#.........................
#######...#....#.#........
#...#....#.#..####..
#..K######.#..#..#.. #..@#
#.#..#).#.. #...#
#.#.P##'#P. #...#
#.......... #...#
#.#........ #...#
#.#.P..#)## #####
#...####... #...#..#...
#.#.#..'... #.#.#######


You could see Pikel.

Vanquished Creatures
  Eustachio (D:4)
  An ice beast (D:5)
  An ogre (D:5)
  A lemure (D:5)
  An iguana (D:5)
  4 adders
  4 gnolls (D:3)
  2 adder skeletons (D:2)
  2 worms
  3 orcs
  7 ball pythons
  A bat zombie (D:2)
  11 endoplasms
  6 giant cockroaches
  15 goblins
  7 hobgoblins
  3 jackals (D:2)
  A quokka (D:4)
  5 bats
  A frilled lizard (D:3)
  4 kobolds
  6 rats
87 creatures vanquished.

Notes
Turn   | Place    | Note
-------+----------+-------------------------------------------
     0 | D:1      | Almogavar the Gargoyle Earth Elementalist began the quest
                  | for the Orb.
     0 | D:1      | Reached XP level 1. HP: 10/10 MP: 3/3
   170 | D:1      | Reached XP level 2. HP: 14/15 MP: 3/5
   244 | D:1      | Reached skill level 4 in Earth Magic
   733 | D:2      | Reached XP level 3. HP: 19/19 MP: 2/6
  1148 | D:2      | Reached XP level 4. HP: 24/24 MP: 6/8
  1362 | D:2      | Reached skill level 5 in Earth Magic
  1808 | D:3      | Found a glowing silver altar of Zin.
  1845 | D:3      | Found a hide-covered altar of Uskayaw.
  1981 | D:3      | Learned a level 3 spell: Stone Arrow
  2024 | D:3      | Reached XP level 5. HP: 28/28 MP: 0/10
  2163 | D:3      | Found a burning altar of Makhleb.
  2246 | D:3      | Found a faded altar of an unknown god.
  2250 | D:3      | Found a shadowy altar of Dithmenos.
  2347 | D:3      | Found a sacrificial altar of Ru.
  2347 | D:3      | Found a glowing golden altar of the Shining One.
  2348 | D:3      | Found a white marble altar of Elyvilon.
  2384 | D:3      | Became a worshipper of the Shining One
  2546 | D:3      | Found a stormy altar of Qazlal.
  2805 | D:4      | Noticed Eustachio
  2823 | D:4      | Found a snail-covered altar of Cheibriados.
  2834 | D:4      | Killed Eustachio
  2835 | D:4      | Reached skill level 6 in Earth Magic
  2835 | D:4      | Reached XP level 6. HP: 20/33 MP: 0/12
  2939 | D:4      | Identified the +0 leather armour of Sasmiuru {Fly}
  3753 | D:5      | Entered Level 5 of the Dungeon
  3843 | D:5      | Noticed an ice beast
  3857 | D:5      | Killed an ice beast
  3959 | D:5      | Noticed Pikel
  4023 | D:5      | Reached skill level 1 in Fighting
  4023 | D:5      | Reached XP level 7. HP: 31/38 MP: 8/14
  4140 | D:4      | HP: 1/38 [Pikel/+1 whip of flaming (4)]
  4140 | D:4      | Mangled by Pikel

Illustrated notes

Levels and vault maps discovered:
D:1:      tarquinn_simple_flora_water_d, layout_basic
D:2:      layout_basic, serial_undead, serial_undead_f, serial_undead_e,
          serial_undead_b, serial_undead_e
D:3:      layout_loops_ring, lemuel_crystal_altar,
          chequers_temple_overflow_statue_of_worship, lemuel_doored_altar,
          nicolae_overflow_ecumenical_swirl, mainiacjoe_overflow_large_starburst
D:4:      corexii_shack_village, layout_basic, slow_altar_1, uniq_eustachio
D:5:      layout_rooms, serial_rivers, chequers_serial_rivers_micro_e,
          chequers_serial_rivers_small_b, chequers_serial_rivers_small_b,
          chequers_serial_rivers_large_a, uniq_sigmund, uniq_pikel,
          uniq_menkaure

Skill      XL: |  1  2  3  4  5  6 |
---------------+-------------------+-----
Earth Magic    | 4 5 6 |  6.7
Spellcasting   | 3 4 |  4.8
Dodging        | 2 |  2.2
Fighting       | 1 |  1.0
Maces & Flails | |  0.9
Stealth        | |  2.4
Transmutations | |  0.7

Action                     |  1- 3 |  4- 6 |  7- 9 || total
---------------------------+-------+-------+-------++-------
  Melee: Unarmed           |     1 |       |       ||     1
         Flail             |       |    19 |       ||    19
   Cast: Sandblast         |    46 |   103 |     9 ||   158
    Use: Scroll            |       |    11 |       ||    11
         Potion            |       |     1 |       ||     1
 Armour: Robe              |     4 |    41 |       ||    45
  Dodge: Dodged            |     3 |    60 |     1 ||    64
